 Dungeon Sprint DCSS version 0.21-a0-401-g0b6bec4 (webtiles) character file.

2438 Kidiri the Eclecticist (level 9, -9/57 HPs)
             Began as a Deep Elf Fire Elementalist on Oct 23, 2017.
             Was a Priest of Vehumet.
             Mangled by a two-headed ogre
             ... wielding a +0 giant club
              (13 damage)
             ... in the Dungeon (Sprint III: "The Ten Rune Challenge").
             The game lasted 00:10:10 (1197 turns).

Kidiri the Eclecticist (Deep Elf Fire Elementalist) Turns: 1197, Time: 00:10:11

Health: -9/57      AC:  5    Str:  5    XL:     9   Next: 25%
Magic:  17/31      EV: 16    Int: 26    God:    Vehumet [***...]
Gold:   26         SH:  0    Dex: 15    Spells: 19/40 levels left

rFire    + . .     SeeInvis .   o - +2 quarterstaff (chaos)
rCold    . . .     Gourm    .   (shield currently unavailable)
rNeg     . . .     Faith    .   G - +0 robe (curse)
rPois    .         Spirit   .   (no helmet)
rElec    .         Reflect  .   p - +0 cloak
rCorr    .         Harm     .   (no gloves)
MR       .....     NoTele   +   (no boots)
Stlth    ++........             (no amulet)
HPRegen  0.19/turn              (no ring)
MPRegen  0.22/turn              (no ring)

@: no status effects
A: thin metallic scales 1, clever 1, fire resistance 1, robust 1
a: Renounce Religion


You were in the Dungeon.
You worshipped Vehumet.
Vehumet was most pleased with you.
You were not hungry.

You visited 1 branch You collected 26 gold pieces.

Inventory:

Hand Weapons
 j - a cursed +0 giant club
 k - a +0 hunting sling
 l - a +0 dagger
 o - a +2 quarterstaff of chaos (weapon)
 r - a +0 dagger
 z - a +0 dagger
 B - a +0 hunting sling
 C - a +1 long sword of holy wrath
 F - a +0 dagger
 I - a +0 giant club
 J - a +0 giant club
 K - a +0 giant club
 L - a cursed +0 giant club
 M - a cursed -2 giant club
 N - a +0 giant spiked club
 O - a cursed +0 giant club
Armour
 a - a +0 robe
 m - a +0 robe
 n - a +0 ring mail
 p - a +0 cloak (worn)
 v - a -1 robe
 A - a +0 robe
 D - a +0 robe
 G - a cursed +0 robe (worn)
Wands
 E - a wand of lightning (13/15)
Scrolls
 i - 2 scrolls of blinking
 s - a scroll of remove curse
Potions
 d - a potion of curing
 e - 2 potions of heal wounds
 f - a potion of haste
 g - 2 potions of magic
 h - 2 potions of berserk rage
 q - 3 potions of mutation
 u - 2 potions of flight
 x - a potion of lignification {unknown}
Books
 b - a book of Flames

   Spells                             Type                      Level
   a - Flame Tongue                   Conjuration/Fire             1
   b - Throw Flame                    Conjuration/Fire             2
   c - Conjure Flame                  Conjuration/Fire             3
   d - Inner Flame                    Hexes/Fire                   3
   e - Sticky Flame                   Conjuration/Fire             4
   f - Fireball                       Conjuration/Fire             5
 y - a book of Cantrips

   Spells                             Type                      Level
   a - Confusing Touch                Hexes                        1
   b - Animate Skeleton               Necromancy                   1
   c - Summon Small Mammal            Summoning                    1
   d - Apportation                    Translocation                1
Miscellaneous
 H - a crystal ball of energy
Comestibles
 c - a bread ration
 t - 3 fruits
 w - 2 royal jellies


   Skills:
 + Level 4.0 Fighting
 + Level 4.8 Short Blades
 + Level 4.0 Armour
 + Level 6.7 Dodging
 - Level 2.4 Stealth
 * Level 16.2 Spellcasting
 + Level 10.1 Conjurations
 + Level 10.6 Fire Magic
 + Level 3.2 Earth Magic


You had 19 spell levels left.
You knew the following spells:

 Your Spells              Type           Power        Failure   Level  Hunger
a - Flame Tongue          Conj/Fire      #####        1%          1    None
b - Throw Flame           Conj/Fire      ######       1%          2    None
c - Conjure Flame         Conj/Fire      ######..     1%          3    None
d - Inner Flame           Hex/Fire       #####...     1%          3    None
e - Sticky Flame          Conj/Fire      ######..     1%          4    None
f - Fireball              Conj/Fire      ######....   1%          5    None
g - Stone Arrow           Conj/Erth      ######       1%          3    None


Dungeon Overview and Level Annotations

Branches:
Dungeon (1/1)

Altars:
Cheibriados
Dithmenos
Elyvilon
Fedhas
Gozag
Hepliaklqana
Kikubaaqudgha
Makhleb
Nemelex Xobeh
Okawaru
Qazlal
Ru
Sif Muna
Trog
Uskayaw
Vehumet
Wu Jian
Xom
Yredelemnul
Zin
The Shining One
Beogh
Jiyva
Lugonu

Annotations:
D exclusion: door


Innate Abilities, Weirdness & Mutations

You are partially covered in thin metallic scales. (AC +2)
Your mind is acute. (Int +2)
Your flesh is heat resistant. (rF+)
You are robust. (+10% HP)


Message History

Aim: a two-headed ogre, wielding a giant club and a dire flail (severely wounded, covered in liquid flames)
The flame tongue hits the two-headed ogre.
The two-headed ogre appears unharmed.
The two-headed ogre is severely wounded.
The two-headed ogre burns!
The two-headed ogre completely misses you.
The two-headed ogre barely misses you.
Casting: Flame Tongue
Confirm with . or Enter, or press ? or * to list all spells.
Aiming: Flame Tongue
Press: ? - help, Shift-Dir - straight line, f/p - two-headed ogre
Aim: a two-headed ogre, wielding a giant club and a dire flail (severely wounded, covered in liquid flames)
The flame tongue hits the two-headed ogre.
The two-headed ogre is severely wounded.
The two-headed ogre burns!
The two-headed ogre hits you with a giant club!!
Ouch! That really hurt!
* * * LOW HITPOINT WARNING * * *
The two-headed ogre hits you with a dire flail!
You die...

#### #__# #._# #+##
...# ...# ##'#
...#+##############
...#....#.#.#...@.#
...##.#..#.##.###O#
...'##.#.#.##.#..##
...#...#..#..##..
▓▓▓▓▓▓▓▓▓▓▓▓▓▓▓▓▓


You could see a two-headed ogre (burning).

Vanquished Creatures
  Erolcha (D)
  A deep elf mage (D)
  A shadow (D)
  A spatial vortex (D)
  A necrophage (D)
  4 two-headed ogres (D)
  A water elemental (D)
  A jelly (D)
  Crazy Yiuf (D)
  A wizard (D)
  Jessica (D)
  A necromancer (D)
  A kobold demonologist (D)
  3 humans (D)
  3 rats (D)
22 creatures vanquished.

Vanquished Creatures (others)
  2 draconian scorchers (D)
  3 yaktaurs (D)
  6 hellions (D)
  3 plants (D)
14 creatures vanquished.

Grand Total: 36 creatures vanquished

Notes
Turn   | Place    | Note
-------+----------+-------------------------------------------
     0 | D        | Kidiri the Deep Elf Fire Elementalist began the quest for the Orb.
     0 | D        | Reached XP level 1. HP: 10/10 MP: 6/6
    56 | D        | Noticed Jessica
    58 | D        | Killed Jessica
    58 | D        | Reached skill level 6 in Spellcasting
    58 | D        | Reached XP level 2. HP: 15/15 MP: 6/11
    62 | D        | Learned a level 2 spell: Throw Flame
    65 | D        | Killed a hellion
    65 | D        | Killed a hellion
    99 | D        | Killed a hellion
   111 | D        | Noticed Crazy Yiuf
   118 | D        | Killed Crazy Yiuf
   118 | D        | Reached skill level 7 in Spellcasting
   118 | D        | Reached skill level 5 in Fire Magic
   118 | D        | Reached XP level 3. HP: 10/19 MP: 7/13
   123 | D        | Learned a level 3 spell: Conjure Flame
   125 | D        | Killed a hellion
   126 | D        | Killed a hellion
   127 | D        | Learned a level 3 spell: Inner Flame
   129 | D        | Killed a white draconian scorcher
   150 | D        | Gained mutation: Your flesh is heat resistant. (rF+) [potion of mutation]
   150 | D        | Gained mutation: Your mind is acute. (Int +2) [potion of mutation]
   150 | D        | Gained mutation: You are robust. (+10% HP) [potion of mutation]
   150 | D        | Gained mutation: You are partially covered in thin metallic scales. (AC +2) [potion of mutation]
   155 | D        | Killed a white draconian scorcher
   160 | D        | Killed a yaktaur
   197 | D        | Killed a hellion
   295 | D        | Reached skill level 8 in Spellcasting
   295 | D        | Reached XP level 4. HP: 26/26 MP: 8/16
   314 | D        | Learned a level 4 spell: Sticky Flame
   343 | D        | Noticed a water elemental
   345 | D        | Killed a water elemental
   345 | D        | Reached skill level 9 in Spellcasting
   345 | D        | Reached skill level 5 in Conjurations
   403 | D        | Found a radiant altar of Vehumet.
   404 | D        | Found a deep blue altar of Sif Muna.
   404 | D        | Found an ancient bone altar of Kikubaaqudgha.
   404 | D        | Noticed a wizard
   405 | D        | Killed a wizard
   405 | D        | Reached skill level 10 in Spellcasting
   405 | D        | Reached XP level 5. HP: 30/30 MP: 13/19
   407 | D        | Noticed a red devil
   408 | D        | Killed a yaktaur
   444 | D        | Learned a level 5 spell: Fireball
   447 | D        | Became a worshipper of Vehumet
   476 | D        | Found a glowing silver altar of Zin.
   477 | D        | Found a glowing golden altar of the Shining One.
   477 | D        | Found a white marble altar of Elyvilon.
   477 | D        | Noticed a deep elf mage
   481 | D        | Killed a deep elf mage
   481 | D        | Reached skill level 13 in Spellcasting
   481 | D        | Reached XP level 6. HP: 15/35 MP: 13/24
   481 | D        | Reached XP level 7. HP: 17/39 MP: 14/26
   749 | D        | Found an ornate altar of the Wu Jian Council.
   749 | D        | Found a roughly hewn altar of Beogh.
   749 | D        | Found an iron altar of Okawaru.
   749 | D        | Found a bloodstained altar of Trog.
   749 | D        | Found a hide-covered altar of Uskayaw.
   749 | D        | Noticed a human
   749 | D        | Noticed a human
   751 | D        | Killed a human
   751 | D        | Reached skill level 1 in Fighting
   751 | D        | Reached skill level 1 in Short Blades
   751 | D        | Reached skill level 1 in Armour
   751 | D        | Reached skill level 14 in Spellcasting
   753 | D        | Killed a human
   753 | D        | Reached * piety under Vehumet
   753 | D        | Offered knowledge of Freeze by Vehumet.
   801 | D        | Found a basalt altar of Yredelemnul.
   801 | D        | Found a shadowy altar of Dithmenos.
   801 | D        | Found a sacrificial altar of Ru.
   818 | D        | Killed a yaktaur
   873 | D        | Noticed a shadow
   875 | D        | Killed a shadow
   875 | D        | Reached ** piety under Vehumet
   875 | D        | Reached XP level 8. HP: 49/49 MP: 19/28
   913 | D        | Found a blossoming altar of Fedhas.
   913 | D        | Found a stormy altar of Qazlal.
   913 | D        | Found a snail-covered altar of Cheibriados.
   913 | D        | Found a burning altar of Makhleb.
   913 | D        | Found a shimmering altar of Xom.
   914 | D        | Found a hazy altar of Hepliaklqana.
   914 | D        | Found an opulent altar of Gozag.
   914 | D        | Found a sparkling altar of Nemelex Xobeh.
   914 | D        | Found a corrupted altar of Lugonu.
   914 | D        | Found a viscous altar of Jiyva.
   930 | D        | Offered knowledge of Searing Ray by Vehumet.
   930 | D        | Reached skill level 5 in Dodging
   930 | D        | Reached skill level 15 in Spellcasting
  1015 | D        | Reached *** piety under Vehumet
  1015 | D        | Reached skill level 10 in Fire Magic
  1055 | D        | Offered knowledge of Stone Arrow by Vehumet.
  1064 | D        | Learned a level 3 spell: Stone Arrow
  1117 | D        | Noticed a two-headed ogre
  1127 | D        | Killed a two-headed ogre
  1127 | D        | Offered knowledge of Fulminant Prism by Vehumet.
  1127 | D        | Reached skill level 1 in Earth Magic
  1187 | D        | Noticed a two-headed ogre
  1187 | D        | Noticed Erolcha
  1195 | D        | Killed Erolcha
  1195 | D        | Reached skill level 16 in Spellcasting
  1195 | D        | Reached skill level 10 in Conjurations
  1195 | D        | Reached XP level 9. HP: 35/57 MP: 18/31
  1197 | D        | Mangled by a two-headed ogre

Vault maps used:
D:        dungeon_sprint_mu

Skill      XL: |  1  2  3  4  5  6  7  8 |
---------------+-------------------------+-----
Spellcasting   | 6 7 8 10 13 14 16 | 16.2
Conjurations   | 3 4 5 8 9 10 | 10.1
Fire Magic     | 4 5 6 9 10 | 10.6
Fighting       | 2 4 |  4.0
Short Blades   | 2 4 |  4.8
Armour         | 2 4 |  4.0
Dodging        | 4 6 |  6.7
Earth Magic    | 3 |  3.2
Stealth        | |  2.4

Action                   |  1- 3 |  4- 6 |  7- 9 || total
-------------------------+-------+-------+-------++-------
Melee: Quarterstaff      |       |       |     3 ||     3
 Cast: Flame Tongue      |    14 |     5 |    44 ||    63
       Throw Flame       |     1 |       |     1 ||     2
       Sticky Flame      |       |     3 |     5 ||     8
       Conjure Flame     |       |     1 |     4 ||     5
       Fireball          |       |       |     2 ||     2
       Inner Flame       |       |       |     3 ||     3
       Stone Arrow       |       |       |     1 ||     1
  Use: Scroll            |     3 |     1 |       ||     4
       Potion            |     1 |       |       ||     1
  Eat: Chunk             |       |       |     1 ||     1
Armor: Robe              |       |     1 |       ||     1
Dodge: Dodged            |       |     3 |    12 ||    15

Table legend:
 A = Spawn XP
 B = Non-spawn XP
 C = Spawn XP percentage of total XP
 D = Spawn monster count
 E = Non-spawn monster count
 F = Spawn count percentage of total count
 G = Total turns spent on level
                    A         B        C        D         E        F      G
               +---------+---------+-------+---------+---------+-------+---------
         Total |       0 |    3484 |   0.0 |       0 |      22 |   0.0 |  1197
               +---------+---------+-------+---------+---------+-------+---------
             D |       0 |    3484 |   0.0 |       0 |      22 |   0.0 |  1197
               +---------+---------+-------+---------+---------+-------+---------
